 Dungeon Crawl Stone Soup version 0.32-a0-128-g77eb882913 (webtiles) character file.

Game seed: 7466396815402287558

1752 Newt the Ducker (level 8, -5/65 HPs)
             Began as a Demonspawn Gladiator on Feb 7, 2024.
             Was an Initiate of Makhleb.
             Killed from afar by a steam dragon (21 damage)
             ... with a ball of steam
             ... on level 6 of the Dungeon.
             The game lasted 00:10:12 (7704 turns).

Newt the Ducker (Demonspawn Gladiator)              Turns: 7704, Time: 00:10:12

Health: -5/65      AC:  6    Str: 17    XL:     8   Next: 78%
Magic:  8/8        EV: 15    Int:  8    God:    Makhleb [......]
Gold:   494        SH:  0    Dex: 15    Spells: 7/7 levels left

rFire   . . .        m - +2 dagger (drain)
rCold   . . .        (no shield)
rNeg    . . .        b - +0 leather armour
rPois   .            c - +0 helmet
rElec   .            u - +0 cloak
rCorr   +            (no gloves)
SInv    .            h - +0 pair of boots
Will    .....        (no amulet)
Stlth   +            z - ring of resist corrosion
HPRegen 0.30/turn    (no ring)
MPRegen 0.11/turn

%: no passive effects
@: no status effects
A: claws 2, icemail 1, condensation shield
a: Renounce Religion


You were on level 6 of the Dungeon.
You worshipped Makhleb.
Makhleb was noncommittal.
You visited 2 branches of the dungeon, and saw 7 of its levels.

You collected 494 gold pieces.

Inventory:

Hand Weapons
 a - a +0 rapier
 k - a +2 whip of electrocution
 m - a +2 dagger of draining (weapon)
Missiles
 d - a throwing net
 e - a javelin
 f - 118 stones
 n - 13 poisoned darts (quivered)
Armour
 b - a +0 leather armour (worn)
 c - a +0 helmet (worn)
 h - a +0 pair of boots (worn)
 u - a +0 cloak (worn)
Jewellery
 z - a ring of resist corrosion (left claw)
Talismans
 s - a beast talisman
Scrolls
 j - 2 scrolls of enchant weapon
 l - 2 scrolls of noise
 q - 3 scrolls of fog
 t - a scroll of torment {unknown}
 y - a scroll of enchant armour {unknown}
 A - a scroll of immolation {unknown}
Potions
 i - 5 potions of enlightenment
 o - 3 potions of curing
 p - a potion of resistance {unknown}
 r - a potion of invisibility
 v - a potion of attraction
 w - a potion of degeneration {unknown}
 x - a potion of lignification {unknown}


   Skills:
 + Level 6.8 Fighting
 - Level 2.6 Short Blades
 - Level 4.0 Throwing
 - Level 7.0 Dodging
 * Level 3.6 Unarmed Combat


You had 7 spell levels left.
You didn't know any spells.
Your spell library contained the following spells:

 Spells                   Type           Power      Damage    Failure   Level
 Sting                    Conj/Alch      0%         1d3       47%         1
 Jinxbite                 Hex            0%         N/A       63%         2
 Mercury Vapours          Alch/Air       0%         N/A       63%         2
 Hailstorm                Conj/Ice       0%         3d5       85%         3
 Inner Flame              Hex/Fire       0%         N/A       85%         3
 Summon Ice Beast         Ice/Summ       0%         N/A       85%         3
 Olgreb's Toxic Radiance  Alch           0%         N/A       99%         4
 Irradiate                Conj/Alch      0%         3d11      100%        5
 Yara's Violent Unravell  Hex/Alch       0%         3d3       100%        5
 Sculpt Simulacrum        Ice/Alch       0%         N/A       100%        6
 Enfeeble                 Hex            0%         N/A       100%        7
 Ignition                 Fire           0%         3d3       100%        8


Dungeon Overview and Level Annotations

Branches:
Dungeon (6/15)             Temple (1/1) D:5

Altars:
Ashenzari
Cheibriados
Dithmenos
Fedhas
Gozag
Kikubaaqudgha
Makhleb
Nemelex Xobeh
Qazlal
Sif Muna
Trog
Uskayaw
Vehumet


Innate Abilities, Weirdness & Mutations

You have very sharp fingernails.
A meltable icy envelope protects you from harm. (AC +0)
A meltable shield of frost defends you. (SH +0)


Message History

Press: ? - help, Q - select action, (/) - cycle Shift-Dir - straight line, f/p - steam dragon
Aim: a steam dragon (very poisoned, 62% to hit)
You throw a poisoned dart.
The poisoned dart hits the steam dragon.
The steam dragon looks even sicker.
The steam dragon barely misses you. The steam dragon claws you.
Unknown command.
Throw: 14 darts (poison)
Press: ? - help, Q - select action, (/) - cycle Shift-Dir - straight line, f/p - steam dragon
Aim: a steam dragon (very poisoned, 62% to hit)
You throw a poisoned dart.
The poisoned dart completely misses the steam dragon.
Unknown command.
Throw: dart (curare)
Press: ? - help, Shift-Dir - straight line, f/p - steam dragon
Aim: a steam dragon (very poisoned, 62% to hit)
You throw a curare-tipped dart.
The curare-tipped dart hits the steam dragon.
The steam dragon looks as sick as possible!
The steam dragon struggles to breathe.
The steam dragon seems to slow down.
The steam dragon is moderately wounded.
The steam dragon bites you. The steam dragon closely misses you.
Unknown command.
Unknown command.
You hit the steam dragon but do no damage.
You drain the steam dragon.
The steam dragon is heavily wounded.
The steam dragon bites you.
* * * LOW HITPOINT WARNING * * *
The steam dragon misses you.
Unknown command.
The scorpion attacks as it pursues you!
The scorpion stings you but does no damage.
Unknown command.
You closely miss the steam dragon.
The steam dragon is heavily wounded.
The steam dragon breathes steam at you. The ball of steam hits you!!
You die...

#.##............ ..
#......#.....
.#####............
. ...:.<......###..
..##....##...#.# .
..>..#####...#....
....... #........#
.......##(##.##...#
......)D@....#
....#
>......s...### ....
................ .
.......#########
....... .......
.####.. #.. ...


You could see a steam dragon (very poisoned, slow, catching breath, drained) and
a scorpion.

Vanquished Creatures
  Sigmund (D:2)
  Menkaure (D:4)
  2 ice beasts
  An ogre (D:5)
  A phantom (D:5)
  3 kobold brigands (D:3)
  A scorpion (D:5)
  A jelly (D:5)
  An orc priest (D:5)
  A hound (D:5)
  3 iguanas
  Natasha (thrice) (D:4)
  2 orc wizards
  2 sleepcaps (D:4)
  Robin (D:2)
  28 gnolls
  6 adders
  A shadow imp (D:5)
  A white imp (D:5)
  4 dart slugs
  3 ribbon worms
  9 orcs
  5 ball pythons
  4 endoplasms
  5 giant cockroaches
  17 goblins
  11 hobgoblins
  7 jackals
  4 quokkas
  3 bats
  2 frilled lizards
  47 kobolds
  4 rats
185 creatures vanquished.

Notes
Turn   | Place    | Note
-------+----------+-------------------------------------------
     0 | D:1      | Newt the Demonspawn Gladiator began the quest for the Orb.
     0 | D:1      | Reached XP level 1. HP: 16/16 MP: 1/1
   155 | D:1      | Gained mutation: You have sharp fingernails. [demonic
                  | ancestry]
   155 | D:1      | Reached XP level 2. HP: 18/22 MP: 2/2
   663 | D:1      | Reached XP level 3. HP: 28/28 MP: 3/3
  1228 | D:2      | Reached XP level 4. HP: 34/34 MP: 4/4
  1346 | D:2      | Noticed Robin
  1363 | D:2      | Killed Robin
  1655 | D:2      | Gained mutation: A meltable shield of frost defends you.
                  | (SH +0) [demonic ancestry]
  1655 | D:2      | Reached XP level 5. HP: 8/41 MP: 5/5
  2201 | D:2      | Noticed Sigmund
  2219 | D:2      | Killed Sigmund
  2220 | D:2      | Reached skill level 3 in Dodging
  2220 | D:2      | Reached XP level 6. HP: 31/48 MP: 6/6
  2456 | D:2      | Reached skill level 4 in Dodging
  2841 | D:3      | Found an ancient bone altar of Kikubaaqudgha.
  3987 | D:3      | Gained mutation: You have very sharp fingernails. [demonic
                  | ancestry]
  3987 | D:3      | Reached XP level 7. HP: 51/55 MP: 7/7
  4065 | D:3      | Reached skill level 5 in Dodging
  4228 | D:3      | Reached skill level 5 in Fighting
  5820 | D:4      | Reached skill level 6 in Dodging
  5914 | D:4      | Noticed Natasha
  5944 | D:4      | Killed Natasha
  6079 | D:4      | Noticed Menkaure
  6094 | D:4      | Killed Menkaure
  6095 | D:4      | Gained mutation: A meltable icy envelope protects you from
                  | harm. (AC +0) [demonic ancestry]
  6095 | D:4      | Reached XP level 8. HP: 33/64 MP: 8/8
  6223 | D:4      | Noticed Natasha
  6236 | D:4      | Killed Natasha
  6433 | D:4      | Noticed Natasha
  6445 | D:4      | Killed Natasha
  6625 | D:5      | Entered Level 5 of the Dungeon
  6675 | D:5      | Found a staircase to the Ecumenical Temple.
  6713 | Temple   | Entered the Ecumenical Temple
  6718 | Temple   | Became a worshipper of Makhleb the Destroyer
  6756 | D:5      | Reached skill level 7 in Dodging
  6844 | D:5      | Reached skill level 1 in Unarmed Combat
  7704 | D:6      | Killed from afar by a steam dragon

Illustrated notes

Levels and vault maps discovered:
D:1:      amcnicky_arrival_abandoned_market, layout_basic
D:2:      layout_basic, dreamdust_wishing_well, uniq_sigmund, uniq_robin
D:3:      minmay_goblin_kobold_castle, layout_loops_corners,
          nicolae_kikubaaqudgha_miasma_corner, hangedman_feature_mirror,
          corexii_item_surrounded_by_moat, corexii_leaking_fountain
D:4:      layout_loops_ring, uniq_menkaure, uniq_natasha
D:5:      layout_gridville, minmay_temple_entry_water_ring
D:6:      layout_rooms, xom_teletrap_fun, okawaru_altar_gauntlet_db,
          ebering_ghost_reflecting_pool
Temple:   nicolae_temple_ecumenical_triangle

Skill      XL: |  1  2  3  4  5  6  7  8 |
---------------+-------------------------+-----
Throwing       | 2 3 4 |  4.0
Fighting       | 3 4 5 6 |  6.8
Dodging        | 3 4 6 7 |  7.0
Unarmed Combat | 3 |  3.6
Short Blades   | |  2.6

Action                     |  1- 3 |  4- 6 |  7- 9 || total
---------------------------+-------+-------+-------++-------
  Melee: Rapier            |    75 |       |       ||    75
         Punch             |     4 |     7 |    31 ||    42
         Dagger            |    34 |   174 |   432 ||   640
         Whip              |       |    20 |       ||    20
  Throw: Stone             |    13 |    18 |       ||    31
         Dart              |       |     6 |    27 ||    33
         Throwing net      |       |     4 |     2 ||     6
         Javelin           |       |       |     2 ||     2
    Use: Scroll            |     1 |     3 |       ||     4
         Potion            |       |       |     5 ||     5
   Stab: Sleeping          |     1 |       |       ||     1
         Held in net/web   |       |     1 |     1 ||     2
         Distracted        |       |     1 |       ||     1
 Armour: Leather armour    |    67 |    81 |   188 ||   336
  Dodge: Dodged            |    86 |    92 |   246 ||   424
  Block: Other             |       |    19 |    52 ||    71

Table legend: (Time is in decaauts)
 A = Elapsed time spent in this place.
 B = Non-inter-level travel time spent in this place.
 C = Inter-level travel time spent in this place.
 D = Time resting spent in this place.
 E = Time spent auto-exploring this place.
 F = Levels seen in this place.
 G = Mean time per level.
                   A        B        C        D        E       F      G
               +--------+--------+--------+--------+--------+-----+--------+
         Total |   7637 |   7329 |    308 |   2310 |   3734 |   7 | 1091.0 |
       Dungeon |   7626 |   7328 |    298 |   2310 |   3734 |   6 | 1271.0 |
        Temple |     10 |      1 |      9 |      0 |      0 |   1 |   10.0 |
               +--------+--------+--------+--------+--------+-----+--------+

Top non-repeatable levels by time:
     D:3: 2944 daAuts
     D:2: 1484 daAuts
     D:4: 1081 daAuts
     D:1: 1069 daAuts
     D:5: 974 daAuts
     D:6: 72 daAuts
  Temple: 10 daAuts
